 Dungeon Crawl Stone Soup version 0.31-a0-819-gf6de2f5ab6 (webtiles) character file.

Game seed: 9293319369367359117

121 qw the Shooter (level 5, -1/32 HPs)
             Began as a Gargoyle Hunter on Sept 23, 2023.
             Slain by Edmund
             ... wielding a +1 heavy flail
              (14 damage)
             ... on level 4 of the Dungeon.
             The game lasted 00:00:50 (2446 turns).

qw the Shooter (Gargoyle Hunter)                    Turns: 2446, Time: 00:00:50

Health: -1/32      AC: 10    Str: 14    XL:     5   Next: 5%
Magic:  5/5        EV: 10    Int: 10    God:
Gold:   160        SH:  0    Dex: 15    Spells: 4/4 levels left

rFire   . . .        Y - +0 shortbow
rCold   . . .        (shield currently unavailable)
rNeg    + . .        b - +0 ring mail
rPois   inf          (no helmet)
rElec   +            (no cloak)
rCorr   .            (no gloves)
SInv    .            f - +0 pair of boots
Will    .....        (no amulet)
Stlth   +            (no ring)
HPRegen 0.25/turn    (no ring)
MPRegen 0.09/turn

%: no passive effects
@: no status effects
A: sickness immunity, AC +4, negative energy resistance 1, electricity
resistance, torment resistance 1, petrification resistance
a: no special abilities


You were on level 4 of the Dungeon.
You visited 1 branch of the dungeon, and saw 4 of its levels.

You collected 160 gold pieces.


Innate Abilities, Weirdness & Mutations

You are immune to sickness and miasma.
Your stone body is resilient. (AC +4)
You are immune to poison.
You resist negative energy. (rN+)
You are resistant to electric shocks. (rElec)
You are resistant to unholy torment.
You are immune to petrification.


   Skills:
 - Level 3.5 Fighting
 + Level 5.5 Ranged Weapons
 - Level 1.0 Armour
 - Level 1.5 Dodging
 - Level 1.1 Stealth


You had 4 spell levels left.
You didn't know any spells.
Your spell library was empty.

Inventory:

Hand Weapons
 Y - a +0 shortbow (weapon)
Armour
 b - a +0 ring mail (worn)
 f - a +0 pair of boots (worn)
Jewellery
 m - a +6 ring of dexterity
Scrolls
 a - 2 scrolls of identify
 c - a scroll of blinking {unknown}
 k - a scroll of torment {unknown}
 l - 2 scrolls of poison {unknown}
Potions
 d - 2 potions of curing
 e - a potion of enlightenment
 h - a potion of mutation {unknown}
 i - a potion of experience {unknown}
 j - 2 potions of resistance

Dungeon Overview and Level Annotations

Branches:
Dungeon (4/15)
 Temple: D:4-7

Altars:
Hepliaklqana
Kikubaaqudgha
Makhleb
Wu Jian

Annotations:
D:4 Edmund


Message History

Edmund is moderately wounded.
Edmund says, "I'm quite good with sums, too."
Edmund hits you with a +1 heavy flail!
You shoot an arrow.
The arrow hits Edmund but does no damage.
Edmund is moderately wounded.
Edmund barely misses you.
You shoot an arrow. The arrow hits Edmund.
Edmund is heavily wounded.
You shoot an arrow.
The arrow hits Edmund but does no damage.
Edmund is heavily wounded.
Edmund hits you but does no damage.
You shoot an arrow. The arrow closely misses Edmund.
Edmund says, "You wouldn't believe how much I paid for this flail."
Edmund barely misses you.
You shoot an arrow.
The arrow hits Edmund but does no damage.
Edmund is heavily wounded.
Edmund barely misses you.
You shoot an arrow. The arrow hits Edmund.
Edmund is heavily wounded.
Edmund barely misses you.
You shoot an arrow. The arrow barely misses Edmund.
Edmund hits you but does no damage.
You shoot an arrow. The arrow hits Edmund.
Edmund is heavily wounded.
You shoot an arrow. The arrow hits Edmund!
Edmund is severely wounded.
Edmund hits you with a +1 heavy flail!
You shoot an arrow. The arrow barely misses Edmund.
Edmund grinds his teeth, and then sighs.
Edmund barely misses you.
You shoot an arrow. The arrow hits Edmund.
Edmund is severely wounded.
Edmund closely misses you.
You shoot an arrow. The arrow barely misses Edmund.
Edmund hits you with a +1 heavy flail!
You die...
Edmund says, "I'd like to see a scythe do that!"

#. ##. ##..
#####..# #.......
#########.....#.
#.......'.....##
###.#######.......
#@..# #.....##
#....@.###
#.....#. ~~~...###
#....... .)..%.
####...# ~~~..
###.. >.... ##.
+#.. ## #..


You could see Edmund.

Vanquished Creatures
  An orc wizard (D:3)
  4 adders
  2 dart slugs (D:3)
  7 orcs (D:3)
  3 bats (D:3)
  3 endoplasms
  4 giant cockroaches
  4 goblins
  4 hobgoblins
  2 jackals (D:3)
  5 kobolds
  2 quokkas
  5 ball pythons
  2 frilled lizards (D:2)
48 creatures vanquished.

Notes
Turn   | Place    | Note
-------+----------+-------------------------------------------
     0 | D:1      | qw the Gargoyle Hunter began the quest for the Orb.
     0 | D:1      | Reached XP level 1. HP: 12/12 MP: 1/1
     0 | D:1      | 0 ||| qw: Version: 0.3-a-83-gcd0e7d8
     0 | D:1      | 0 ||| qw: Game counter: 1468
     0 | D:1      | 0 ||| qw: Melee chars always use a shield: true
     0 | D:1      | 0 ||| qw: God list: Okawaru
     0 | D:1      | 0 ||| qw: Allow faded altars: false
     0 | D:1      | 0 ||| qw: Do Orc after clearing Dungeon:15 true
     0 | D:1      | 0 ||| qw: Do second Lair branch before Depths: true
     0 | D:1      | 0 ||| qw: Lair rune preference: random
     0 | D:1      | 0 ||| qw: Goals: Normal
     0 | D:1      | 0 ||| PLANNING D:1-11
   368 | D:1      | Reached XP level 2. HP: 17/17 MP: 2/2
   562 | D:1      | 562 ||| READING 3 scrolls labelled BYADIMM GESI.
   563 | D:1      | 563 ||| READING scroll labelled HISTE MAMAL.
   564 | D:1      | 564 ||| READING scroll labelled HENULE CYQUAGA.
   565 | D:1      | 565 ||| DRINKING 2 emerald potions.
   566 | D:1      | 566 ||| DRINKING 2 blue potions.
   567 | D:1      | 567 ||| READING 2 scrolls of identify.
   567 | D:1      | 567 ||| IDENTIFYING smoky clear potion
   568 | D:1      | 568 ||| DROPPING scroll of butterflies.
   569 | D:1      | 569 ||| DROPPING potion of berserk rage.
   723 | D:2      | Found an ancient bone altar of Kikubaaqudgha.
  1101 | D:2      | Reached XP level 3. HP: 21/21 MP: 3/3
  1481 | D:2      | 1481 ||| UPGRADING to +0 ring mail.
  1491 | D:2      | 1491 ||| DROPPING +0 leather armour.
  1492 | D:2      | 1492 ||| READING 3 scrolls of identify.
  1492 | D:2      | 1492 ||| IDENTIFYING fizzy dark potion
  1531 | D:3      | Found an ornate altar of the Wu Jian Council.
  1605 | D:3      | Reached skill level 1 in Armour
  1620 | D:3      | Reached skill level 5 in Ranged Weapons
  1762 | D:3      | Reached XP level 4. HP: 27/27 MP: 4/4
  1773 | D:3      | Reached skill level 3 in Fighting
  2160 | D:3      | 2160 ||| UPGRADING to +0 pair of boots.
  2165 | D:3      | 2165 ||| READING scroll labelled XUUKKO YXAA.
  2166 | D:3      | 2166 ||| DRINKING 2 grey potions.
  2167 | D:3      | 2167 ||| READING 2 scrolls of identify.
  2167 | D:3      | 2167 ||| IDENTIFYING fizzy white potion
  2168 | D:3      | 2168 ||| DROPPING potion of lignification.
  2234 | D:4      | Found a hazy altar of Hepliaklqana.
  2324 | D:4      | Reached XP level 5. HP: 32/32 MP: 5/5
  2358 | D:4      | Found a burning altar of Makhleb.
  2415 | D:4      | Noticed Edmund
  2427 | D:4      | HP: 2/32 [Edmund/+1 heavy flail (14)]
  2428 | D:4      | 2428 ||| DRINKING 2 potions of heal wounds.
  2432 | D:4      | HP: 2/32 [Edmund/+1 heavy flail (15)]
  2433 | D:4      | 2433 ||| DRINKING potion of heal wounds.
  2446 | D:4      | Slain by Edmund

Levels and vault maps discovered:
D:1:      lemuel_arrival_funnel, layout_basic
D:2:      layout_basic, basic_altar, kennysheep_decorative_pillar,
          grunt_ministairs_6
D:3:      layout_loops_ring, nzn_wu_jian_contemplation
D:4:      layout_basic, nicolae_hepliaklqana_hazy_memory,
          mainiacjoe_overflow_small_starburst, chequers_mini_garden,
          chequers_serial_rivers_micro_d, uniq_grinder, uniq_edmund

Skill      XL: |  1  2  3  4 |
---------------+-------------+-----
Armour         | 1 |  1.0
Ranged Weapons | 5 |  5.5
Fighting       | 3 |  3.5
Dodging        | |  1.5
Stealth        | |  1.1

Action                     |  1- 3 |  4- 6 || total
---------------------------+-------+-------++-------
   Fire: Shortbow          |   113 |    82 ||   195
    Use: Scroll            |     5 |     2 ||     7
         Potion            |     2 |     3 ||     5
 Armour: Leather armour    |    18 |       ||    18
         Ring mail         |    20 |    20 ||    40
  Dodge: Dodged            |    36 |    15 ||    51

Table legend:
 A = Non-vault XP
 B = Vault XP
 C = Vault XP percentage of total XP
 D = Non-vault monster count
 E = Vault monster count
 F = Vault count percentage of total count
                 A         B        C        D         E       F
            +---------+---------+-------+---------+---------+-------
      Total |     170 |       4 |   2.3 |      46 |       2 |   4.2
            +---------+---------+-------+---------+---------+-------
        D:1 |      12 |       0 |   0.0 |       7 |       0 |   0.0
        D:2 |      22 |       4 |  15.4 |       7 |       2 |  22.2
        D:3 |     121 |       0 |   0.0 |      24 |       0 |   0.0
        D:4 |      15 |       0 |   0.0 |       8 |       0 |   0.0
            +---------+---------+-------+---------+---------+-------
